 Dungeon Crawl Stone Soup version 0.31-a0-45-g5f0c076935 (webtiles) character file.

Game seed: 10712201360988219602

203 Hades the Slasher (level 5, -6/46 HPs)
             Began as a Draconian Monk on May 21, 2023.
             Was an Elder of Nemelex Xobeh.
             Splashed by a jelly's acid (10 damage)
             ... on level 4 of the Dungeon.
             The game lasted 00:18:54 (4063 turns).

Hades the Slasher (Draconian Monk)                  Turns: 4063, Time: 00:18:56

Health: -6/46      AC: -5    Str: 15    XL:     5   Next: 51%
Magic:  0/7        EV: 13    Int: 11    God:    Nemelex Xobeh [****..]
Gold:   176        SH:  0    Dex: 13    Spells: 7/7 levels left

rFire   . . .        a - +1 falchion (flame)
rCold   . . .        c - orb {light}
rNeg    . . .        (body armour unavailable)
rPois   .            (helmet restricted)
rElec   .            (no cloak)
rCorr   .            (no gloves)
SInv    .            j - +1 pair of boots
Will    .....        p - amulet of guardian spirit
Stlth   +            (no ring)
HPRegen 0.27/turn    (no ring)
MPRegen 0.10/turn

%: guardian spirit
@: corroded, glowing, studying Poison Magic
A: AC +5, unfitting armour, cold-blooded
a: Renounce Religion, Draw Escape, Draw Destruction, Draw Summoning, Triple
Draw, Deal Four


You were on level 4 of the Dungeon.
You worshipped Nemelex Xobeh.
Nemelex Xobeh was greatly pleased with you.
You visited 1 branch of the dungeon, and saw 4 of its levels.

You collected 176 gold pieces.

Inventory:

Hand Weapons
 a - a +1 falchion of flaming (weapon)
 i - a +1 dagger of distortion
 k - a +0 hammer
Armour
 c - an orb of light (worn)
 j - a +1 pair of boots (worn)
Jewellery
 p - an amulet of guardian spirit (around neck)
Wands
 f - a wand of paralysis (9)
Scrolls
 m - a scroll of blinking
 n - a scroll of magic mapping
Potions
 b - 2 potions of ambrosia
 d - 3 potions of attraction
 e - a potion of resistance {unknown}
 g - a potion of brilliance {unknown}
 h - 2 potions of curing {unknown}


   Skills:
 + Level 4.0 Fighting
 + Level 4.2 Long Blades
 + Level 3.2 Dodging
 * Level 1.4 Stealth
 * Level 1.5 Spellcasting
 * Level 1.6 Poison Magic
 * Level 1.3 Invocations
 * Level 0.6 Evocations


You had 7 spell levels left.
You didn't know any spells.
Your spell library contained the following spells:

 Spells                   Type           Power      Damage    Failure   Level
 Dazzling Flash           Conj/Hex       0%         N/A       67%         3
 Volatile Blastmotes      Fire/Tloc      0%         2d10      67%         3
 Iskenderun's Mystic Bla  Conj/Tloc      0%         2d3       97%         4
 Starburst                Conj/Fire      0%         6d3       100%        6


Dungeon Overview and Level Annotations

Branches:
Dungeon (4/15)
 Temple: D:4-7

Altars:
Ashenzari
Cheibriados
Nemelex Xobeh
Ru
Xom
Zin

Shops:
D:2 (*

Portals:
Ossuary: D:4


Innate Abilities, Weirdness & Mutations

Your plain brown scales are hard. (AC +5)
You cannot fit into any form of body armour.
You are cold-blooded and may be slowed by cold attacks.


Message History

The goblin picks up a +0 flail.
The goblin wields a +0 flail.
Unknown command.
The kobold shouts!
You draw a card...
You have drawn the Swarm.
The river rat misses you. The goblin hits you but does no damage.
You slash the river rat! You burn the river rat.
You kill the river rat!
The orc returns to its original shape as it dies.
Your killer bee stings the goblin.
The goblin is poisoned.
Your killer bee poisons the goblin!
The goblin hits you but does no damage.
Your killer bee stings the goblin.
The goblin dies!
The orc returns to its original shape as it dies.
The jelly misses you.
Your Fighting skill increases to level 4!
Unknown command.
The jelly barely misses you.
Your killer bee stings the kobold.
The kobold is poisoned.
Your killer bee poisons the kobold!
The jelly completely misses you. The kobold misses your killer bee.
You see here an orc corpse.
You hit the jelly. You burn the jelly. The acid corrodes you!
Your hands burn!
The jelly is lightly wounded.
The kobold dies!
The jelly barely misses you. The jelly hits you. The acid corrodes you!
You are splashed with acid!
The jelly hits you. The acid corrodes you!
You are splashed with acid!
You hit the jelly. You burn the jelly.
Your hands burn!
The jelly is moderately wounded.
Your killer bee stings the jelly.
The jelly is poisoned.
Your killer bee poisons the jelly!
The acid corrodes your killer bee!
Your killer bee is burned by acid!
Your killer bee stings the jelly.
Your killer bee is burned by acid!
The jelly hits you. The acid corrodes you!
You are splashed with acid!
* * * LOW HITPOINT WARNING * * *
The jelly hits you.
* * * LOW HITPOINT WARNING * * *
You are splashed with acid!
You die...
Your body glows with a rainbow of weird colours and disappears.

#.#.# #...#
###.# ##.##
##...##
##)....##
##.......##
#.....>y.$#
........)@J.#
###....).J..#
..........##
###.#...).##
#.##..)##
#.). ....
.....


You could see 2 jellies and a friendly killer bee (summoned, corroded).

Vanquished Creatures
  A scorpion (D:4)
  Crazy Yiuf (D:3)
  An iguana (D:4)
  An adder (D:2)
  A river rat (D:4)
  2 worms
  3 dart slugs
  2 orcs (D:3)
  6 ball pythons
  6 bats
  6 endoplasms
  2 giant cockroaches (D:3)
  5 goblins
  5 hobgoblins
  A quokka (D:1)
  6 frilled lizards
  7 kobolds
  A rat (D:1)
57 creatures vanquished.

Vanquished Creatures (collateral kills)
  A goblin (D:4)
  A kobold (D:4)
2 creatures vanquished.

Grand Total: 59 creatures vanquished

Notes
Turn   | Place    | Note
-------+----------+-------------------------------------------
     0 | D:1      | Hades the Draconian Monk began the quest for the Orb.
     0 | D:1      | Reached XP level 1. HP: 19/19 MP: 1/1
   548 | D:1      | Reached XP level 2. HP: 24/26 MP: 2/2
   720 | D:1      | Found a faded altar of an unknown god.
   729 | D:1      | Prayed at the altar of an unknown god.
   729 | D:1      | Became a worshipper of Nemelex Xobeh the Trickster
   729 | D:1      | Reached * piety under Nemelex Xobeh
   729 | D:1      | Received a gift from Nemelex Xobeh
   729 | D:1      | Received a gift from Nemelex Xobeh
   729 | D:1      | Reached ** piety under Nemelex Xobeh
   729 | D:1      | Received a gift from Nemelex Xobeh
  1051 | D:2      | Reached *** piety under Nemelex Xobeh
  1051 | D:2      | Received a gift from Nemelex Xobeh
  1096 | D:2      | Reached XP level 3. HP: 32/33 MP: 3/3
  1130 | D:2      | Found Jeel Jimo's Antique Weapon Shop.
  1197 | D:2      | Identified a scroll of acquirement
  1197 | D:2      | Acquired a manual of Poison Magic
  1350 | D:2      | Found Ucwinlus's Assorted Antiques.
  1863 | D:2      | Found a sparkling altar of Nemelex Xobeh.
  2097 | D:3      | Reached skill level 1 in Spellcasting
  2181 | D:3      | Received a gift from Nemelex Xobeh
  2276 | D:3      | Reached **** piety under Nemelex Xobeh
  2359 | D:3      | Reached XP level 4. HP: 40/40 MP: 5/5
  2427 | D:3      | Found a shimmering altar of Xom.
  2428 | D:3      | Found a sacrificial altar of Ru.
  2428 | D:3      | Found a broken altar of Ashenzari.
  2428 | D:3      | Found a glowing silver altar of Zin.
  2440 | D:3      | Found a snail-covered altar of Cheibriados.
  3418 | D:3      | Received a gift from Nemelex Xobeh
  3503 | D:3      | Found a runed translucent door.
  3504 | D:3      | Noticed Crazy Yiuf
  3514 | D:3      | Killed Crazy Yiuf
  3733 | D:4      | Found a sand-covered staircase.
  3805 | D:4      | Reached skill level 1 in Stealth
  3956 | D:4      | Reached skill level 1 in Poison Magic
  3956 | D:4      | Reached skill level 1 in Invocations
  4039 | D:4      | Noticed a scorpion
  4047 | D:4      | Killed a scorpion
  4048 | D:4      | Reached XP level 5. HP: 41/46 MP: 5/7
  4063 | D:4      | Splashed by a jelly's acid

Illustrated notes

Levels and vault maps discovered:
D:1:      dpeg_arrival_castle, layout_loops_ring,
          dreamdust_ecumenical_altar_statues, minmay_tetromino_l4
D:2:      layout_basic, basic_altar, serial_shops,
          nicolae_shop_temple_entry_statues_fountains,
          nicolae_shop_overgrown_old_shop
D:3:      layout_basic, grunt_temple_overflow_open, interstate_on_off,
          minmay_misc_feat_secret_circle, uniq_crazy_yiuf_cottage
D:4:      layout_loops_ring, lightli_ossuary_entry_decrepit_ruins

Skill      XL: |  1  2  3  4  5 |
---------------+----------------+-----
Dodging        | 3 |  3.2
Spellcasting   | 1 |  1.5
Stealth        | 1 |  1.4
Long Blades    | 4 |  4.2
Poison Magic   | 1 |  1.6
Invocations    | 1 |  1.3
Fighting       | 4 |  4.0
Evocations     | |  0.6

Action                     |  1- 3 |  4- 6 || total
---------------------------+-------+-------++-------
  Melee: Falchion          |   110 |    33 ||   143
         Tailslap          |    19 |     8 ||    27
 Invoke: Draw Destruction  |       |     2 ||     2
         Draw Summoning    |       |     1 ||     1
    Use: Scroll            |     8 |     6 ||    14
         Potion            |     2 |       ||     2
 Armour: Skin              |    48 |     6 ||    54
  Dodge: Dodged            |    91 |    27 ||   118

Table legend: (Time is in decaauts)
 A = Elapsed time spent in this place.
 B = Non-inter-level travel time spent in this place.
 C = Inter-level travel time spent in this place.
 D = Time resting spent in this place.
 E = Time spent auto-exploring this place.
 F = Levels seen in this place.
 G = Mean time per level.
                   A        B        C        D        E       F      G
               +--------+--------+--------+--------+--------+-----+--------+
         Total |   4089 |   3986 |    103 |    836 |      0 |   4 | 1022.2 |
       Dungeon |   4089 |   3986 |    103 |    836 |      0 |   4 | 1022.2 |
               +--------+--------+--------+--------+--------+-----+--------+

Top non-repeatable levels by time:
     D:3: 1739 daAuts
     D:2: 1020 daAuts
     D:1: 977 daAuts
     D:4: 351 daAuts
